 Dungeon Crawl Stone Soup version 0.19.1 (webtiles) character file.

127 CountDeLaPain the Poker (level 5, 0/41 HPs)
             Began as a Merfolk Gladiator on Dec 13, 2016.
             Slain by Sigmund
             ... wielding a +0 scythe
              (9 damage)
             ... on level 3 of the Dungeon.
             The game lasted 00:07:42 (2642 turns).

CountDeLaPain the Poker (Merfolk Gladiator)         Turns: 2642, Time: 00:07:43

Health: 0/41       AC:  6    Str: 15    XL:     5   Next: 11%
Magic:  5/5        EV: 14    Int: 12    God:
Gold:   117        SH:  0    Dex: 14    Spells: 0 memorised, 4 levels left

rFire  + . .     SeeInvis .     a - +0 trident
rCold  . . .     Gourm    .     b - +0 leather armour
rNeg   . . .     Faith    .     (no shield)
rPois  .         Spirit   .     g - +2 helmet {Int+3}
rElec  .         Reflect  .     (no cloak)
rCorr  .         Harm     .     (no gloves)
MR     .....                    (no boots)
Stlth  +.........               (no amulet)
                                (no ring)
                                v - ring of protection from fire

@: no status effects
A: change form in water, swift swim, stealthy swim
a: no special abilities


You were on level 3 of the Dungeon.
You were not hungry.

You visited 1 branch of the dungeon, and saw 3 of its levels.

You collected 117 gold pieces.

Inventory:

Hand Weapons
 a - a +0 trident (weapon)
Missiles
 d - 3 throwing nets (quivered)
Armour
 b - a +0 leather armour (worn)
 c - a +0 helmet
 g - a +2 helmet of intelligence (worn)
Jewellery
 r - a +6 amulet of reflection {unknown}
 v - a ring of protection from fire (left hand)
Scrolls
 i - 2 scrolls of identify
 k - a scroll of fear {unknown}
 l - 5 scrolls of teleportation
 n - a scroll of remove curse
 o - 2 scrolls of amnesia {unknown}
 u - a scroll of fog {unknown}
 w - a scroll of random uselessness {unknown}
Potions
 e - 5 potions of curing
 h - 2 potions of haste
 p - a potion of invisibility
 q - 2 potions of lignification
 s - a potion of flight
 t - 2 potions of degeneration
Comestibles
 f - 4 bread rations
 j - 3 fruits
 m - a beef jerky
 x - a meat ration
 z - a chunk of flesh


   Skills:
 + Level 3.2 Fighting
 + Level 6.2 Polearms
 + Level 2.1 Throwing
 + Level 1.0 Armour
 + Level 4.7 Dodging


You had 4 spell levels left.
You didn't know any spells.

Dungeon Overview and Level Annotations

Branches:
Dungeon (3/15)

Altars:

Annotations:
D:3 Jessica, Sigmund


Message History

You barely miss something. You hit something but do no damage.
Something barely misses you.
You hit something but do no damage. You barely miss something.
You hit something. Something hits you!
* * * LOW HITPOINT WARNING * * *
You hit something but do no damage. Something hits you.
* * * LOW HITPOINT WARNING * * *
You hit something but do no damage. You miss something. Something hits you.
* * * LOW HITPOINT WARNING * * *
You barely miss something. Something hits you.
* * * LOW HITPOINT WARNING * * *
You feel better.
You miss something. Something hits you.
* * * LOW HITPOINT WARNING * * *
You puncture something! Something hits you but does no damage.
You hit something. You miss something. Something hits you!
You die...

........#.........#
......#<..#.###.#^#
.........##.# #.#.#
.....##..##.# #.#.#
.....###....# #.#.#
.....# ##...# #...#
.....# ##...# ##..
...>.###..#.# #{#
.....#...##.## #@# ##
######.####..###.#..#
# ##.# ##รท.#.....##
#..# ##........# #.##
#.........# ##.#
#.........# # #..#
#........... ####.##
#.........##
..##.#### #..........


There were no monsters in sight!

Vanquished Creatures
  A worker ant zombie (D:3)
  5 adders
  A worm (D:2)
  4 dart slugs
  2 leopard geckos
  An orc (D:3)
  4 bats
  5 giant cockroaches
  8 goblins
  5 hobgoblins
  A quokka (D:2)
  6 frilled lizards
  7 kobolds
  8 rats
58 creatures vanquished.

Notes
Turn   | Place    | Note
-------+----------+-------------------------------------------
     0 | D:1      | CountDeLaPain the Merfolk Gladiator began the quest for the Orb.
     0 | D:1      | Reached XP level 1. HP: 16/16 MP: 1/1
   109 | D:1      | Reached XP level 2. HP: 12/23 MP: 2/2
   371 | D:1      | Reached skill level 5 in Polearms
   611 | D:1      | Reached XP level 3. HP: 28/28 MP: 3/3
  1215 | D:2      | Reached XP level 4. HP: 26/34 MP: 4/4
  1652 | D:3      | Reached skill level 6 in Polearms
  1762 | D:3      | Noticed Sigmund
  1767 | D:3      | Noticed Jessica
  2158 | D:3      | Found a faded altar of an unknown god.
  2524 | D:3      | Reached skill level 1 in Armour
  2524 | D:3      | Reached XP level 5. HP: 29/41 MP: 5/5
  2642 | D:3      | Slain by Sigmund

Skill      XL: |  1  2  3  4 |
---------------+-------------+-----
Polearms       | 5 6 |  6.2
Fighting       | 3 |  3.2
Armour         | 1 |  1.0
Throwing       | |  2.1
Dodging        | |  4.7

Action                   |  1- 3 |  4- 6 || total
-------------------------+-------+-------++-------
Melee: Trident           |   112 |   103 ||   215
  Use: Scroll            |     3 |     5 ||     8
       Potion            |       |     3 ||     3
  Eat: Chunk             |     1 |     5 ||     6
Armor: Leather armour    |    57 |    25 ||    82
Dodge: Dodged            |   110 |    74 ||   184
